TOP OF THE 1ST |
---|
BlackIron Dragons batting - Pitching for West Virginia Power : RHP Bob Howe | Pitching: RHP Bob Howe | | Batting: LHB Miguel García | 0-0: Foul Ball, location: 2F 0-1: Fly out, F4 (Popup, 4MS) | Batting: RHB Jimmy King | 0-0: Foul Ball, location: 2F 0-1: Ball 1-1: Ball 2-1: SINGLE (Groundball, 56S) (infield hit) | Batting: SHB Félix Montoya | 0-0: Foul Ball, location: 2F 0-1: Ball 1-1: Foul Ball, location: 2F 1-2: Strikes out swinging | Batting: RHB Doug O'Brien | 0-0: Called Strike 0-1: Called Strike 0-2: Ball 1-2: 2-RUN HOME RUN (Flyball, 7LD), Distance : 339 ft | Batting: RHB Ryan Jackson | 0-0: Ball 1-0: Fly out, F9 (Flyball, 9) | Top of the 1st over - 2 runs, 2 hits, 0 errors, 0 left on base; BlackIron 2 - West Virginia 0 | BOTTOM OF THE 1ST |
---|
West Virginia Power batting - Pitching for BlackIron Dragons : RHP Silvio Fiermonte | Pitching: RHP Silvio Fiermonte | | Batting: RHB Matt Tucker | 0-0: Fly out, F4 (Popup, 4S) | Batting: RHB Pedro Echevarría | 0-0: Hit by Pitch | Batting: RHB Luis Quezada | 0-0: Ball 1-0: Called Strike Pedro Echevarría steals 2nd base 1-1: Fly out, F6 (Line Drive, 6) | Batting: RHB Joe Salas | 0-0: Ball 1-0: Ball 2-0: Called Strike 2-1: Called Strike 2-2: Foul Ball, location: 2F 2-2: Fly out, F7 (Flyball, 7D) | Bottom of the 1st over - 0 runs, 0 hits, 0 errors, 1 left on base; BlackIron 2 - West Virginia 0 | TOP OF THE 2ND |
---|
BlackIron Dragons batting - Pitching for West Virginia Power : RHP Bob Howe | Batting: RHB Bernardo Corona | 0-0: Swinging Strike 0-1: Ball 1-1: SINGLE (Groundball, 25) (infield hit) | Batting: RHB Randall Walker | 0-0: Ball 1-0: Fielders Choice at 2nd, 6-4 (Groundball, 6) | Batting: RHB Luis Méndez | 0-0: Called Strike 0-1: Foul Ball, location: 2F 0-2: Ball 1-2: Ball Randall Walker steals 2nd base 2-2: Foul Ball, location: 2F 2-2: Ground out 4-3 (Groundball, 34) Randall Walker to third | Batting: LHB Miguel Barrón | 0-0: Ball 1-0: Called Strike 1-1: Fly out, F7 (Flyball, 7) | Top of the 2nd over - 0 runs, 1 hit, 0 errors, 1 left on base; BlackIron 2 - West Virginia 0 | BOTTOM OF THE 2ND |
---|
West Virginia Power batting - Pitching for BlackIron Dragons : RHP Silvio Fiermonte | Batting: RHB Millard Walker | 0-0: Swinging Strike 0-1: SINGLE (Groundball, 56D) | Batting: RHB Cory Hester | 0-0: Foul Ball, location: 2F 0-1: Ball 1-1: Ball 2-1: Ball 3-1: Foul Ball, location: 2F 3-2: Foul Ball, location: 2F 3-2: Strikes out looking | Batting: RHB Roberto Chávez | 0-0: Ball 1-0: Ball 2-0: Foul Ball, location: 2F 2-1: Called Strike 2-2: Ball 3-2: Strikes out swinging | Batting: RHB Julián Garza | 0-0: Swinging Strike 0-1: Foul Ball, location: 2F 0-2: Foul Ball, location: 2F 0-2: Ball 1-2: Foul Ball, location: 2F 1-2: Ball 2-2: Strikes out swinging | Bottom of the 2nd over - 0 runs, 1 hit, 0 errors, 1 left on base; BlackIron 2 - West Virginia 0 | TOP OF THE 3RD |
---|
BlackIron Dragons batting - Pitching for West Virginia Power : RHP Bob Howe | Batting: LHB Miguel García | 0-0: Called Strike 0-1: Ground out 4-3 (Groundball, 4M) | Batting: RHB Jimmy King | 0-0: Ground out 6-3 (Groundball, 6) | Batting: SHB Félix Montoya | 0-0: SOLO HOME RUN (Flyball, 7LD), Distance : 325 ft | Batting: RHB Doug O'Brien | 0-0: Ball 1-0: Ball 2-0: Ball 3-0: Called Strike 3-1: Base on Balls | Batting: RHB Ryan Jackson | 0-0: Called Strike 0-1: Foul Ball, location: 2F 0-2: Ball 1-2: Ball 2-2: Strikes out looking | Top of the 3rd over - 1 run, 1 hit, 0 errors, 1 left on base; BlackIron 3 - West Virginia 0 | BOTTOM OF THE 3RD |
---|
West Virginia Power batting - Pitching for BlackIron Dragons : RHP Silvio Fiermonte | Batting: RHB Nick Mackin | 0-0: Ground out 5-3 (Groundball, 56S) | Batting: RHB Matt Tucker | 0-0: Ball 1-0: Ground out U3 (Groundball, 3L) | Batting: RHB Pedro Echevarría | 0-0: Swinging Strike 0-1: Foul Ball, location: 2F 0-2: Ground out 5-3 (Groundball, 56) | Bottom of the 3rd over - 0 runs, 0 hits, 0 errors, 0 left on base; BlackIron 3 - West Virginia 0 | TOP OF THE 4TH |
---|
BlackIron Dragons batting - Pitching for West Virginia Power : RHP Bob Howe | Batting: RHB Bernardo Corona | 0-0: Ball 1-0: Foul Ball, location: 2F 1-1: Foul Ball, location: 2F 1-2: Foul Ball, location: 2F 1-2: Ball 2-2: Foul Ball, location: 2F 2-2: Foul Ball, location: 2F 2-2: SINGLE (Flyball, 7LS) | Batting: RHB Randall Walker | 0-0: Ball 1-0: Ball 2-0: Foul Ball, location: 2F 2-1: Ball 3-1: Swinging Strike 3-2: Base on Balls Bernardo Corona to second | Pitching: RHP Esteban Garza | | Batting: RHB Luis Méndez | 0-0: Called Strike 0-1: Ball 1-1: Called Strike 1-2: Strikes out swinging | Batting: LHB Miguel Barrón | 0-0: Called Strike 0-1: Ball 1-1: Ball 2-1: Grounds into double play, 4-6-3 (Groundball, 4) | Top of the 4th over - 0 runs, 1 hit, 0 errors, 1 left on base; BlackIron 3 - West Virginia 0 | BOTTOM OF THE 4TH |
---|
West Virginia Power batting - Pitching for BlackIron Dragons : RHP Silvio Fiermonte | Batting: RHB Luis Quezada | 0-0: Fly out, F5 (Line Drive, 5) | Batting: RHB Joe Salas | 0-0: Called Strike 0-1: Ground out U3 (Groundball, 34) | Batting: RHB Millard Walker | 0-0: Ball 1-0: Ground out U3 (Groundball, 34S) | Bottom of the 4th over - 0 runs, 0 hits, 0 errors, 0 left on base; BlackIron 3 - West Virginia 0 | TOP OF THE 5TH |
---|
BlackIron Dragons batting - Pitching for West Virginia Power : RHP Esteban Garza | Batting: LHB Miguel García | 0-0: Fly out, F9 (Flyball, 9S) | Batting: RHB Jimmy King | 0-0: Ball 1-0: Ball 2-0: Ball 3-0: Base on Balls | Batting: SHB Félix Montoya | 0-0: Foul Ball, location: 2F 0-1: Ball Jimmy King steals 2nd base 1-1: Intentional Walk | Batting: RHB Doug O'Brien | 0-0: Called Strike 0-1: Swinging Strike 0-2: DOUBLE (Line Drive, 89M) Jimmy King scores Félix Montoya to third Runner from 3rd tries for Home, SAFE, no throw | Batting: RHB Ryan Jackson | 0-0: Ball 1-0: Swinging Strike 1-1: Fly out, F7 (Flyball, 7LSF) | Batting: RHB Bernardo Corona | 0-0: Ball 1-0: Ball 2-0: Swinging Strike 2-1: Ball 3-1: Swinging Strike 3-2: Fly out, F7 (Flyball, 7D) | Top of the 5th over - 2 runs, 1 hit, 0 errors, 1 left on base; BlackIron 5 - West Virginia 0 | BOTTOM OF THE 5TH |
---|
West Virginia Power batting - Pitching for BlackIron Dragons : RHP Silvio Fiermonte | Batting: RHB Cory Hester | 0-0: Ball 1-0: Ball 2-0: Ball 3-0: Called Strike 3-1: Called Strike 3-2: Strikes out swinging | Batting: RHB Roberto Chávez | 0-0: Called Strike 0-1: SINGLE (Groundball, 4MD) | Batting: RHB Julián Garza | 0-0: Ball 1-0: Foul Ball, location: 2F 1-1: Called Strike 1-2: Fly out, F8 (Flyball, 8RD) | Batting: RHB Nick Mackin | 0-0: Called Strike 0-1: Ball 1-1: Swinging Strike 1-2: Ball 2-2: Ball 3-2: Base on Balls Roberto Chávez to second | Batting: RHB Matt Tucker | 0-0: Ground out 1-3 (Groundball, 13S) | Bottom of the 5th over - 0 runs, 1 hit, 0 errors, 2 left on base; BlackIron 5 - West Virginia 0 | TOP OF THE 6TH |
---|
BlackIron Dragons batting - Pitching for West Virginia Power : RHP Esteban Garza | Batting: RHB Randall Walker | 0-0: Called Strike 0-1: Swinging Strike 0-2: Ball 1-2: Strikes out swinging | Batting: RHB Luis Méndez | 0-0: Ball 1-0: Swinging Strike 1-1: Ball 2-1: Ball 3-1: Foul Ball, location: 2F 3-2: Base on Balls | Batting: LHB Miguel Barrón | 0-0: Foul Ball, location: 2F 0-1: Ball 1-1: TRIPLE (Flyball, 8RXD) Luis Méndez scores | Batting: LHB Miguel García | 0-0: Called Strike 0-1: Ball 1-1: Ball 2-1: Ground out 1-3 (Groundball, 13) | Batting: RHB Jimmy King | 0-0: SINGLE (Line Drive, 78S) Miguel Barrón scores | Batting: SHB Félix Montoya | 0-0: Swinging Strike 0-1: Ball 1-1: Ball 2-1: Foul Ball, location: 2F 2-2: Foul Ball, location: 2F 2-2: Ball 3-2: Foul Ball, location: 2F 3-2: Foul Ball, location: 2F 3-2: Foul Ball, location: 2F 3-2: Base on Balls Jimmy King to second | Batting: RHB Doug O'Brien | 0-0: SINGLE (Line Drive, 4MD) Jimmy King to third Félix Montoya to second Runner from 3rd tries for Home, SAFE, no throw | Batting: RHB Ryan Jackson | 0-0: SINGLE (Groundball, 34D) Félix Montoya to third Doug O'Brien to second Runner from 3rd tries for Home, SAFE, no throw | Batting: RHB Bernardo Corona | 0-0: Foul Ball, location: 2F 0-1: Ball 1-1: Ball 2-1: DOUBLE (Line Drive, 7D) Doug O'Brien scores Ryan Jackson to third Runner from 3rd tries for Home, SAFE, no throw | Batting: RHB Randall Walker | 0-0: Ball 1-0: Ball 2-0: Foul Ball, location: 2F 2-1: 2-RUN HOME RUN (Flyball, 7LD), Distance : 329 ft | Batting: RHB Luis Méndez | 0-0: Fly out, F9 (Flyball, 9S) | Top of the 6th over - 8 runs, 6 hits, 0 errors, 0 left on base; BlackIron 13 - West Virginia 0 | BOTTOM OF THE 6TH |
---|
West Virginia Power batting - Pitching for BlackIron Dragons : RHP Silvio Fiermonte | Batting: RHB Pedro Echevarría | 0-0: Ground out 4-3 (Groundball, 4) | Batting: RHB Luis Quezada | 0-0: Foul Ball, location: 2F 0-1: Ball 1-1: SOLO HOME RUN (Flyball, 7D), Distance : 376 ft | Batting: RHB Joe Salas | 0-0: DOUBLE (Line Drive, 7D) | Batting: RHB Millard Walker | 0-0: Ball 1-0: Foul Ball, location: 2F 1-1: Fly out, F7 (Flyball, 7D) | Batting: RHB Cory Hester | 0-0: Foul Ball, location: 2F 0-1: Ground out U3 (Groundball, 34) | Bottom of the 6th over - 1 run, 2 hits, 0 errors, 1 left on base; BlackIron 13 - West Virginia 1 | TOP OF THE 7TH |
---|
BlackIron Dragons batting - Pitching for West Virginia Power : RHP Esteban Garza | Pitching: RHP Joaquín Vásquez | | Batting: LHB Miguel Barrón | 0-0: Called Strike 0-1: Ball 1-1: Foul Ball, location: 2F 1-2: Ball 2-2: Ball 3-2: Fly out, F7 (Flyball, 78D) | Batting: LHB Miguel García | 0-0: Ball 1-0: Ball 2-0: SINGLE (Line Drive, 4M) | Batting: RHB Jimmy King | 0-0: Ball 1-0: Reached on error, E4 (Groundball, 34D) Miguel García to second | Batting: SHB Félix Montoya | 0-0: Called Strike 0-1: Ball 1-1: Fly out, F8 (Flyball, 8LM) | Batting: RHB Doug O'Brien | 0-0: Called Strike 0-1: SINGLE (Groundball, 6D) Miguel García to third Jimmy King to second Runner from 3rd tries for Home, SAFE, no throw | Batting: RHB Ryan Jackson | 0-0: SINGLE (Groundball, 56D) Jimmy King to third Doug O'Brien to second Runner from 3rd tries for Home, throw and OUT! | Top of the 7th over - 1 run, 3 hits, 1 error, 2 left on base; BlackIron 14 - West Virginia 1 | BOTTOM OF THE 7TH |
---|
West Virginia Power batting - Pitching for BlackIron Dragons : RHP Silvio Fiermonte | Batting: RHB Roberto Chávez | 0-0: Called Strike 0-1: Foul Ball, location: 2F 0-2: Foul Ball, location: 2F 0-2: SINGLE (Groundball, 34) (infield hit) | Batting: RHB Julián Garza | 0-0: Ground out 4-3 (Groundball, 4MS) Roberto Chávez to second | Batting: RHB Nick Mackin | 0-0: Called Strike 0-1: SINGLE (Groundball, 13S) (infield hit) Roberto Chávez to third | Batting: RHB Matt Tucker | 0-0: Called Strike 0-1: Ball 1-1: Ball 2-1: Fielders Choice at 2nd, 5-4 (Groundball, 56) Roberto Chávez scores | Batting: RHB Pedro Echevarría | 0-0: Ball Matt Tucker steals 2nd base 1-0: Ball 2-0: Fly out, F3 (Popup, 3SF) | Bottom of the 7th over - 1 run, 2 hits, 0 errors, 1 left on base; BlackIron 14 - West Virginia 2 | TOP OF THE 8TH |
---|
BlackIron Dragons batting - Pitching for West Virginia Power : RHP Joaquín Vásquez | Batting: RHB Bernardo Corona | 0-0: Called Strike 0-1: Fly out, F7 (Flyball, 7LSF) | Batting: RHB Randall Walker | 0-0: Ball 1-0: Ball 2-0: Ball 3-0: Base on Balls | Batting: RHB Luis Méndez | 0-0: Called Strike Randall Walker is caught stealing 2nd base 0-1: Ball 1-1: Ball 2-1: SINGLE (Line Drive, 8RS) | Batting: LHB Miguel Barrón | 0-0: Called Strike 0-1: Ball 1-1: Ball 2-1: Swinging Strike 2-2: Strikes out swinging | Top of the 8th over - 0 runs, 1 hit, 0 errors, 1 left on base; BlackIron 14 - West Virginia 2 | BOTTOM OF THE 8TH |
---|
West Virginia Power batting - Pitching for BlackIron Dragons : RHP Silvio Fiermonte | Batting: RHB Luis Quezada | 0-0: Ball 1-0: Fly out, F9 (Flyball, 89D) | Batting: RHB Joe Salas | 0-0: Called Strike 0-1: Ball 1-1: Fly out, F9 (Flyball, 9S) | Batting: RHB Millard Walker | 0-0: Called Strike 0-1: Ground out 5-3 (Groundball, 56S) | Bottom of the 8th over - 0 runs, 0 hits, 0 errors, 0 left on base; BlackIron 14 - West Virginia 2 | TOP OF THE 9TH |
---|
BlackIron Dragons batting - Pitching for West Virginia Power : RHP Joaquín Vásquez | Pitching: RHP António Córdova | | Batting: LHB Miguel García | 0-0: Ball 1-0: Ball 2-0: Called Strike 2-1: Ball 3-1: Ground out 4-3 (Groundball, 4) | Batting: RHB Jimmy King | 0-0: Ball 1-0: Ground out 3-1 (Groundball, 34S) | Pinch Hitting: RHB Brady McIntyre | 0-0: Fly out, F4 (Popup, 34D) | Top of the 9th over - 0 runs, 0 hits, 0 errors, 0 left on base; BlackIron 14 - West Virginia 2 | BOTTOM OF THE 9TH |
---|
West Virginia Power batting - Pitching for BlackIron Dragons : RHP Silvio Fiermonte | Now at 1B: Roderick Silva | | Now at SS: Joaquín Valenzuela | | Now in RF: Jesús Castillo | | Batting: RHB Cory Hester | 0-0: Foul Ball, location: 2F 0-1: Ball 1-1: Ball 2-1: Foul Ball, location: 2F 2-2: Foul Ball, location: 2F 2-2: Strikes out swinging | Batting: RHB Roberto Chávez | 0-0: Foul Ball, location: 2F 0-1: Ball 1-1: Ground out 6-3 (Groundball, 56) | Batting: RHB Julián Garza | 0-0: Called Strike 0-1: Foul Ball, location: 2F 0-2: Ball 1-2: Ball 2-2: SINGLE (Groundball, 56D) | Batting: RHB Nick Mackin | 0-0: Ball 1-0: Foul Ball, location: 2F 1-1: Ball 2-1: Called Strike 2-2: Foul Ball, location: 2F 2-2: Fly out, F6 (Popup, 6) | Bottom of the 9th over - 0 runs, 1 hit, 0 errors, 1 left on base; BlackIron 14 - West Virginia 2 | |